 Dungeon Crawl Stone Soup version 0.29-a0-923-g6e406bff71 (webtiles) character file.

Game seed: 9501268540796703086

6289 Newt the Basher (level 10, -3/68 HPs)
             Began as a Demonspawn Gladiator on July 27, 2022.
             Was a Priest of Hepliaklqana.
             Slain by a catoblepas (13 damage)
             ... on level 9 of the Dungeon.
             The game lasted 00:22:11 (9800 turns).

Newt the Basher (Demonspawn Gladiator)              Turns: 9800, Time: 00:22:11

Health: -3/68      AC:  4    Str: 24    XL:     10   Next: 63%
Magic:  0/10       EV: 14    Int: 10    God:    Hepliaklqana [***...]
Gold:   256        SH:  4    Dex: 15    Spells: 9/9 levels left

rFire   . . .      SeeInvis .   t - +6 mace (vorpal)
rCold   . . .      Faith    .   (no shield)
rNeg    . . .      Spirit   +   a - +0 leather armour
rPois   +          Reflect  .   b - +0 helmet
rElec   .          Harm     .   (cloak unavailable)
rCorr   .          Rampage  .   (no gloves)
Will    .....                   (no boots)
Stlth   +.........              C - amulet of guardian spirit
HPRegen 0.21/turn               l - ring of poison resistance
MPRegen 0.12/turn               H - +6 ring of strength

@: about to teleport
A: reduced essence, large bone plates 1, demonic guardian 2, powered by death 2,
weakness stinger 3
a: Renounce Religion, Recall Ancestor, Ancestor Identity, Transference


You were on level 9 of the Dungeon.
You worshipped Hepliaklqana.
Hepliaklqana was most pleased with you.
You visited 1 branch of the dungeon, and saw 9 of its levels.

You collected 379 gold pieces.
You spent 123 gold pieces at shops.

Inventory:

Hand Weapons
 d - a +3 rapier
 t - a +6 vorpal mace (weapon)
Missiles
 c - a throwing net (quivered)
 v - 30 poisoned darts
 E - a javelin
Armour
 a - a +0 leather armour (worn)
 b - a +0 helmet (worn)
 s - a +0 cloak
Jewellery
 l - a ring of poison resistance (left hand)
 m - an amulet of magic regeneration
 C - an amulet of guardian spirit (around neck)
 H - a +6 ring of strength (right hand)
 K - a +6 ring of intelligence
Wands
 k - a wand of polymorph (3)
 u - a wand of digging (5)
 F - a wand of roots (8)
Scrolls
 f - a scroll of immolation {unknown}
 g - 3 scrolls of identify
 n - 2 scrolls of teleportation
 o - 4 scrolls of magic mapping {unknown}
 q - a scroll of fear {unknown}
 r - 2 scrolls of amnesia {unknown}
 w - 3 scrolls of vulnerability
 y - a scroll of poison {unknown}
 z - a scroll of summoning {unknown}
 I - 2 scrolls of noise {unknown}
Potions
 e - 8 potions of degeneration
 h - 2 potions of haste
 i - 2 potions of brilliance
 j - 2 potions of heal wounds {unknown}
 p - 2 potions of mutation
 A - 4 potions of attraction
 B - 2 potions of flight
 J - a potion of cancellation {unknown}


   Skills:
 + Level 6.0 Fighting
 * Level 10.6 Maces & Flails
 + Level 3.4 Throwing
 + Level 4.4 Armour
 + Level 6.1 Dodging
 + Level 2.3 Shields
 - Level 4.3 Unarmed Combat


You had 9 spell levels left.
You didn't know any spells.
Your spell library contained the following spells:

 Spells                   Type           Power      Damage    Failure   Level
 Magic Dart               Conj           0%         1d3       38%         1
 Necrotise                Necr           0%         1d4       38%         1
 Sandblast                Erth           0%         2d4       38%         1
 Sting                    Tmut/Pois      0%         1d3       38%         1
 Passwall                 Tmut/Erth      0%         N/A       54%         2
 Poisonous Vapours        Pois/Air       0%         N/A       54%         2
 Searing Ray              Conj           0%         2d4       54%         2
 Confusing Touch          Hex            0%         N/A       77%         3
 Stone Arrow              Conj/Erth      0%         3d7       77%         3
 Vampiric Draining        Necr           0%         2d6       77%         3
 Fulminant Prism          Conj/Hex       0%         3d6       99%         4
 Olgreb's Toxic Radiance  Pois           0%         N/A       99%         4
 Summon Lightning Spire   Summ/Air       0%         N/A       99%         4
 Agony                    Necr           0%         N/A       100%        5
 Yara's Violent Unravell  Hex/Tmut       0%         3d3       100%        5
 Enfeeble                 Hex            0%         N/A       100%        7
 Storm Form               Tmut/Air       0%         N/A       100%        7
 Maxwell's Capacitive Co  Air            0%         ∞         100%        8


Dungeon Overview and Level Annotations

Branches:
Dungeon (9/15)             Temple (0/1) D:5
   Lair: D:8-11         Orc: D:9-12

Altars:
Cheibriados
Gozag
Hepliaklqana
Kikubaaqudgha
Makhleb
Okawaru
Ru
Uskayaw
Vehumet
Xom

Shops:
D:1 =   D:8 ?


Innate Abilities, Weirdness & Mutations

Your life essence is reduced to manifest your ancestor. (-10% HP)
You are partially covered in large bone plates. (SH +4)
A demonic guardian rushes to your aid.
You regenerate health from kills.
You have a sharp stinger which inflicts weakening toxins.


Message History

Illuratum gestures at the catoblepas while chanting.
The catoblepas resists with almost no effort.
You are engulfed in calcifying dust.
The centaur shoots an arrow.
The arrow barely misses Illuratum.
The arrow hits you!
A demonic guardian appears!
The catoblepas gores Illuratum.
Illuratum is destroyed!
The centaur shoots an arrow.
The arrow hits you!
You are engulfed in calcifying dust. x2
The catoblepas breathes a plume of calcifying dust at you.
The blast of calcifying dust hits you but does no damage.
The blast of calcifying dust hits your sun demon!
Your sun demon is engulfed in calcifying dust.
Your sun demon is moving more slowly.
The catoblepas gores you!
Your sun demon is engulfed in calcifying dust.
Your sun demon stops moving altogether!
The catoblepas gores you!!
Your sun demon is engulfed in calcifying dust.
Your sun demon is engulfed in calcifying dust.
The catoblepas gores you!!
* * * LOW HITPOINT WARNING * * *
Your sun demon is engulfed in calcifying dust.
The catoblepas gores you!
* * * LOW HITPOINT WARNING * * *
The catoblepas gores you.
* * * LOW HITPOINT WARNING * * *
The catoblepas looks more healthy.
The catoblepas gores you.
* * * LOW HITPOINT WARNING * * *
You turn to flesh and can move again.
Okay, then.
Your sun demon cannot move out of your way!
Your sun demon cannot move out of your way!
Your sun demon cannot move out of your way!
Your sun demon cannot move out of your way!
Your sun demon cannot move out of your way!
Your sun demon cannot move out of your way!
Your sun demon cannot move out of your way!
As you read the scroll of teleportation, it crumbles to dust.
You feel strangely unstable. The catoblepas gores you!
You die...

#.........# ##.........#
...........# ### ##
########...# .....
####.#####...# #.#.
#..#.#..##...#### . #..
#..#....##.......
....#.###.#)#####.......
#.cY@3..).)).'...####
$.(.#.#####.#)###...# .
#.. #....#..##...# #.#.
#..#.#..##...# .....
####.#####...# #+# ##
### #...# #...# #...#
#...#


You could see a catoblepas (ally target), a centaur and a friendly sun demon
(summoned, petrified).

Vanquished Creatures
  An ugly thing (D:9)
  16 yaks
  Duvessa (D:5)
  A water moccasin (D:6)
  An orc warrior (D:7)
  An ice beast (D:8)
  2 ogres (D:6)
  2 centaurs
  3 kobold brigands
  A bullfrog (D:9)
  2 necrophages
  A gnoll sergeant (D:5)
  A scorpion (D:5)
  A wight (D:9)
  Dowan (D:5)
  5 hounds
  3 jellies
  An iguana (D:5)
  2 gnoll boudas (D:8)
  Ijyb (D:4)
  2 orc wizards
  8 adders
  8 gnolls
  A shadow imp (D:7)
  3 ufetubi (D:4)
  A worm (D:3)
  2 dart slugs
  25 orcs
  5 endoplasms
  10 goblins
  6 hobgoblins
  9 kobolds
  2 quokkas (D:1)
  5 ball pythons
  8 bats
  5 frilled lizards
  11 rats
158 creatures vanquished.

Vanquished Creatures (collateral kills)
  A wraith (D:9)
  4 yaks (D:8)
  3 wyverns
  A water moccasin (D:7)
  An ice beast (D:7)
  2 howler monkeys
  2 orc priests (D:7)
  2 gnoll boudas
  2 iguanas
  3 gnolls
  An adder (D:5)
  A dart slug (D:5)
  An orc (D:7)
  2 kobolds (D:7)
  A training dummy (D:5)
27 creatures vanquished.

Vanquished Creatures (others)
  5 hexers
  2 ancestors
  24 plants
31 creatures vanquished.

Grand Total: 216 creatures vanquished

Notes
Turn   | Place    | Note
-------+----------+-------------------------------------------
     0 | D:1      | Newt the Demonspawn Gladiator began the quest for the Orb.
     0 | D:1      | Reached XP level 1. HP: 16/16 MP: 1/1
    94 | D:1      | Found Toh Lojo's Jewellery Shop.
   455 | D:1      | Gained mutation: You have a small tail. [demonic ancestry]
   455 | D:1      | Reached XP level 2. HP: 14/22 MP: 2/2
  1545 | D:2      | Reached XP level 3. HP: 22/27 MP: 3/3
  1989 | D:2      | Reached skill level 1 in Armour
  2539 | D:2      | Gained mutation: You regenerate a little health from kills.
                  | [demonic ancestry]
  2539 | D:2      | Reached XP level 4. HP: 25/33 MP: 4/4
  3789 | D:3      | Found a hazy altar of Hepliaklqana.
  3795 | D:3      | Became a worshipper of Hepliaklqana the Forgotten
  4472 | D:4      | Gained mutation: You are partially covered in large bone
                  | plates. (SH +4) [demonic ancestry]
  4472 | D:4      | Reached XP level 5. HP: 17/38 MP: 5/5
  4636 | D:4      | Reached skill level 1 in Maces & Flails
  4651 | D:4      | Gained mutation: You have a tail ending in a sharp stinger.
                  | [demonic ancestry]
  4651 | D:4      | Reached XP level 6. HP: 46/46 MP: 6/6
  4698 | D:4      | Noticed Ijyb
  4710 | D:4      | Killed Ijyb
  4997 | D:4      | Reached * piety under Hepliaklqana
  5099 | D:5      | Entered Level 5 of the Dungeon
  5104 | D:5      | Reached skill level 2 in Maces & Flails
  5189 | D:5      | Found a snail-covered altar of Cheibriados.
  5237 | D:5      | Gained mutation: You have a sharp stinger which inflicts
                  | weakening toxins. [demonic ancestry]
  5237 | D:5      | Reached XP level 7. HP: 45/45 MP: 7/7
  5252 | D:5      | Found a hide-covered altar of Uskayaw.
  5261 | D:5      | Reached skill level 3 in Maces & Flails
  5298 | D:5      | Found an iron altar of Okawaru.
  5332 | D:5      | Found an opulent altar of Gozag.
  5461 | D:5      | Found a sacrificial altar of Ru.
  5461 | D:5      | Found a radiant altar of Vehumet.
  5501 | D:5      | Found an ancient bone altar of Kikubaaqudgha.
  5635 | D:5      | Found a burning altar of Makhleb.
  5760 | D:5      | Found a shimmering altar of Xom.
  5800 | D:5      | Noticed Duvessa
  5800 | D:5      | Noticed Dowan
  5805 | D:5      | Killed Dowan
  5806 | D:5      | Reached skill level 4 in Maces & Flails
  5821 | D:5      | Killed Duvessa
  6173 | D:5      | Found a staircase to the Ecumenical Temple.
  6342 | D:6      | Reached skill level 1 in Shields
  6460 | D:6      | Gained mutation: You regenerate health from kills. [demonic
                  | ancestry]
  6460 | D:6      | Reached XP level 8. HP: 40/52 MP: 8/8
  6477 | D:6      | Reached skill level 5 in Maces & Flails
  6559 | D:6      | Reached ** piety under Hepliaklqana
  6569 | D:6      | Remembered your ancestor Illuratum as a hexer
  6847 | D:7      | Reached skill level 6 in Maces & Flails
  7338 | D:7      | Reached skill level 7 in Maces & Flails
  7338 | D:7      | Gained mutation: A weak demonic guardian rushes to your
                  | aid. [demonic ancestry]
  7338 | D:7      | Reached XP level 9. HP: 56/58 MP: 7/9
  7806 | D:7      | Reached skill level 5 in Dodging
  7871 | D:8      | Reached skill level 8 in Maces & Flails
  8159 | D:8      | Found Hustrem's Magic Scroll Shoppe.
  8167 | D:8      | Bought a scroll of identify for 26 gold pieces
  8167 | D:8      | Bought a scroll of enchant weapon for 97 gold pieces
  8568 | D:8      | Reached skill level 5 in Fighting
  8570 | D:8      | Reached skill level 9 in Maces & Flails
  8833 | D:8      | Gained mutation: A demonic guardian rushes to your aid.
                  | [demonic ancestry]
  8833 | D:8      | Reached XP level 10. HP: 66/66 MP: 10/10
  9339 | D:8      | Reached skill level 10 in Maces & Flails
  9487 | D:9      | Reached *** piety under Hepliaklqana
  9549 | D:9      | Noticed a white ugly thing
  9559 | D:9      | Killed a white ugly thing
  9783 | D:9      | Noticed a catoblepas
  9800 | D:9      | Slain by a catoblepas

Illustrated notes

Levels and vault maps discovered:
D:1:      dpeg_arrival_ratfight, layout_basic, serial_shops, shop
D:2:      layout_loops_corners
D:3:      layout_loops_corners, nzn_hepliaklqana_mist_gate, chequers_big_river
D:4:      layout_basic, uniq_ijyb
D:5:      dreamdust_elfheim, layout_rooms, marbit_many_paths,
          kennysheep_slug_shrine, general_overflow_altar,
          mainiacjoe_overflow_24_doors, overflow_temple_1_default,
          grunt_temple_overflow_open, lemuel_temple_firewalk_a
D:6:      layout_cave_pools
D:7:      layout_rooms, minmay_between
D:8:      layout_basic, nicolae_stop_n_shop_2, hangedman_decor_diamond_cutter,
          nicolae_grassy_gnolls
D:9:      minmay_the_grid_3x2 [minmay_the_grid_x, minmay_the_grid_eight,
          minmay_the_grid_gridbox, minmay_the_grid_minigrid_large,
          minmay_the_grid_rooms, minmay_the_grid_prize_inner_circle],
          layout_long_grid, eino_tiny_chamber

Skill      XL: |  1  2  3  4  5  6  7  8  9 10 |
---------------+-------------------------------+-----
Unarmed Combat | 3 4 |  4.3
Dodging        | 3 4 5 6 |  6.1
Armour         | 1 2 3 4 |  4.4
Maces & Flails | 1 2 4 7 9 10 | 10.6
Throwing       | 2 3 |  3.4
Fighting       | 3 4 5 6 |  6.0
Shields        | 1 2 |  2.3

Action                   |  1- 3 |  4- 6 |  7- 9 | 10-12 || total
-------------------------+-------+-------+-------+-------++-------
Melee: Unarmed           |   165 |   146 |       |       ||   311
       Tailslap          |    12 |    23 |    34 |    12 ||    81
       Punch             |     2 |     1 |     5 |     6 ||    14
       Mace              |       |    66 |   169 |    74 ||   309
Throw: Javelin           |       |     1 |     2 |       ||     3
       Throwing net      |       |     2 |     2 |     1 ||     5
       Dart              |       |       |    13 |     5 ||    18
Invok: Ancestor Life: He |       |       |     1 |       ||     1
  Use: Scroll            |     3 |     3 |    10 |     1 ||    17
       Potion            |       |       |     5 |       ||     5
 Stab: Sleeping          |     1 |       |     1 |       ||     2
       Distracted        |       |       |     2 |     1 ||     3
       Confused          |       |       |       |     1 ||     1
Armor: Leather armour    |    52 |    66 |    20 |    14 ||   152
       Skin              |       |       |    53 |       ||    53
Dodge: Dodged            |   108 |   134 |   119 |    54 ||   415
Block: Other             |       |    22 |    21 |    16 ||    59

Table legend: (Time is in decaauts)
 A = Elapsed time spent in this place.
 B = Non-inter-level travel time spent in this place.
 C = Inter-level travel time spent in this place.
 D = Time resting spent in this place.
 E = Time spent auto-exploring this place.
 F = Levels seen in this place.
 G = Mean time per level.
                   A        B        C        D        E       F      G
               +--------+--------+--------+--------+--------+-----+--------+
         Total |   9826 |   9700 |    126 |   1371 |   6796 |   9 | 1091.8 |
       Dungeon |   9826 |   9700 |    126 |   1371 |   6796 |   9 | 1091.8 |
               +--------+--------+--------+--------+--------+-----+--------+

Top non-repeatable levels by time:
     D:8: 1482 daAuts
     D:2: 1463 daAuts
     D:3: 1436 daAuts
     D:1: 1399 daAuts
     D:5: 1211 daAuts
     D:7: 954 daAuts
     D:4: 807 daAuts
     D:6: 619 daAuts
     D:9: 451 daAuts
